AoeStats
← hattivatti266

Arena

510813383Analyzed
4v4 RM · 8h ago on Oct 2, 2026· 76m 47s· 8 players
Game mode
Random Map
Map size
Large (8 player)
Population
200
Speed
Normal
Resources
Standard
Victory
Conquest
Starting age
Dark Age
Ending age
Imperial Age
RankedLock teamsTeams togetherTeam positionsShared explorationLock speedFull tech treeHidden civsTurbo modeCheats
Victory
Defeat
🇳🇱 Saracens · Netherlands
877
+15
🇦🇷 Mongols · Argentina
868
+15
🇫🇮 Franks · Finland
854
+16
🇳🇿 Khitans · New Zealand
798
+17
🇳🇱 Romans · Netherlands
893
-18
🇹🇷 Huns · Türkiye
837
-15
🇪🇸 Vietnamese · Spain
831
-15
🇳🇱 Danes · Netherlands
830
-15
Rad el Bárbaro
9:27 Feudal Age
16:03 Castle Age
14:18 Double-Bit Axe
17:51 Bow Saw
17:23 Horse Collar
18:16 Loom
24:05 Town Watch
24:58 Wheelbarrow
30:19 Imperial Age
36:39 Chemistry
35:57 Padded Archer Armor
35:48 Fletching
38:29 Husbandry
38:40 Bloodlines
41:18 Light Cavalry
42:32 Scale Barding Armor
43:25 Heavy Plow
43:30 Caravan
45:47 Man-at-Arms
46:30 Squires
47:48 Town Patrol
47:16 Pikeman
48:49 Halberdier
57:22 Forging
57:13 Scale Mail Armor
59:10 Chain Mail Armor
ApeteceMuchoNené
12:27 Feudal Age
13:42 Horse Collar
13:50 Double-Bit Axe
14:03 Gold Mining
20:13 Castle Age
19:56 Stone Mining
21:58 Husbandry
22:08 Bloodlines
22:32 Bow Saw
30:36 Stone Shaft Mining
33:38 Loom
34:29 Wheelbarrow
34:03 Scale Barding Armor
33:58 Scale Mail Armor
34:09 Forging
33:49 Fletching
33:59 Padded Archer Armor
33:51 Town Watch
34:35 Caravan
35:06 Coinage
36:57 Hand Cart
36:49 Heavy Plow
39:36 Imperial Age
38:28 Crossbowman
39:13 Thumb Ring
38:29 Elite Skirmisher
38:33 Pikeman
39:13 Squires
38:59 Arson
41:26 Ballistics
42:19 Chemistry
41:25 Herbal Medicine
42:35 Two-Man Saw
42:09 Crop Rotation
41:23 Cavalier
41:54 Heavy Cavalry Archer
43:01 Chain Barding Armor
43:17 Iron Casting
43:45 Treadmill Crane
44:50 Plate Barding Armor
44:12 Bodkin Arrow
44:32 Leather Archer Armor
45:47 Elite Battle Elephant
45:56 Elite Fire Lancer
48:26 Chatras
49:05 Bracer
49:21 Chain Mail Armor
50:36 Banking
50:17 Guilds
51:03 Masonry
51:00 Siege Engineers
50:54 Murder Holes
51:35 Plate Mail Armor
51:36 Ring Archer Armor
58:51 Elite Rattan Archer
69:16 Halberdier
Ruli
11:33 Feudal Age
12:56 Man-at-Arms
14:23 Double-Bit Axe
15:03 Forging
21:00 Castle Age
19:43 Gold Mining
19:36 Horse Collar
23:43 Bow Saw
31:02 Wheelbarrow
30:33 Gambesons
35:56 Ballistics
37:31 Iron Casting
37:08 Heavy Plow
37:21 Scale Mail Armor
37:15 Long Swordsman
38:22 Pikeman
39:32 Scale Barding Armor
40:45 Chain Mail Armor
40:23 Fletching
40:34 Padded Archer Armor
40:37 Hamask
46:59 Imperial Age
48:09 Heavy Scorpion
50:29 Conscription
53:04 Chemistry
52:00 Halberdier
59:30 Conscription
60:06 Hand Cart
Merginator44
0:33 Loom
15:27 Feudal Age
16:26 Double-Bit Axe
16:24 Horse Collar
21:32 Castle Age
22:32 Pikeman
23:15 Squires
23:00 Arson
25:17 Wheelbarrow
24:28 Town Watch
24:53 Heavy Plow
26:42 Bow Saw
28:34 Forging
28:33 Scale Barding Armor
29:21 Hand Cart
34:21 Imperial Age
31:46 Gold Mining
34:40 Town Patrol
35:12 Marauders
34:34 Elite Tarkan
35:36 Conscription
35:17 Murder Holes
36:53 Iron Casting
36:39 Chain Barding Armor
36:33 Guilds
36:24 Caravan
48:13 Elite Skirmisher
49:53 Bloodlines
49:44 Husbandry
50:11 Imperial Skirmisher
65:16 Chemistry
63:46 Halberdier
71:57 Masonry
hattivatti266
10:39 Feudal Age
14:43 Castle Age
13:05 Double-Bit Axe
16:45 Loom
20:28 Bow Saw
24:47 Forging
25:32 Gold Mining
28:17 Wheelbarrow
30:19 Hand Cart
34:07 Imperial Age
34:49 Scale Mail Armor
34:19 Cavalier
36:08 Gold Shaft Mining
38:31 Paladin
40:01 Scale Barding Armor
41:17 Iron Casting
40:44 Padded Archer Armor
41:25 Light Cavalry
41:54 Pikeman
43:29 Chain Barding Armor
50:18 Stone Mining
49:59 Halberdier
52:33 Blast Furnace
52:09 Plate Barding Armor
54:12 Chivalry
53:35 Elite Throwing Axeman
54:51 Chain Mail Armor
58:36 Husbandry
63:25 Plate Mail Armor
72:16 Fletching
72:42 Leather Archer Armor
vrienden0
0:30 Loom
11:00 Feudal Age
11:25 Horse Collar
11:39 Double-Bit Axe
13:08 Gold Mining
20:14 Castle Age
18:10 Stone Mining
18:43 Forging
19:11 Fletching
19:28 Scale Barding Armor
19:21 Man-at-Arms
19:48 Arson
20:13 Scale Mail Armor
21:41 Heavy Plow
21:25 Long Swordsman
21:51 Gambesons
23:02 Bow Saw
23:30 Chain Mail Armor
26:34 Wheelbarrow
26:34 Pikeman
28:21 Thumb Ring
27:37 Crossbowman
29:18 Iron Casting
28:58 Squires
29:43 Bodkin Arrow
30:34 Chain Barding Armor
32:06 Gold Shaft Mining
31:50 Padded Archer Armor
31:44 Town Watch
32:44 Hand Cart
33:05 Leather Archer Armor
34:07 Ballistics
34:45 Masonry
37:40 Imperial Age
36:06 Husbandry
36:49 Bloodlines
37:29 Fortified Wall
37:17 Murder Holes
38:14 Heavy Camel Rider
38:58 Elite Mameluke
39:07 Two-Handed Swordsman
40:28 Champion
43:11 Blast Furnace
43:58 Chemistry
44:56 Hoardings
45:20 Plate Barding Armor
44:47 Bracer
61:02 Caravan
75:59 Conscription
Lincold
0:46 Loom
12:27 Feudal Age
12:58 Horse Collar
13:05 Double-Bit Axe
18:01 Stone Mining
20:50 Castle Age
19:11 Gold Mining
20:17 Scale Barding Armor
20:36 Forging
22:35 Heavy Plow
23:43 Scale Mail Armor
23:45 Padded Archer Armor
23:36 Fletching
25:12 Bodkin Arrow
31:29 Imperial Age
30:15 Caravan
32:37 Leather Archer Armor
35:30 Bracer
38:20 Elite Mangudai
43:09 Pikeman
43:49 Squires
43:34 Arson
44:31 Iron Casting
43:56 Scale Mail Armor
44:45 Nomads
44:39 Onager
46:35 Blast Furnace
48:38 Town Watch
51:36 Chain Mail Armor
53:11 Wheelbarrow
58:54 Plate Mail Armor
63:40 Siege Onager
66:59 Drill
72:56 Town Patrol
73:18 Hand Cart
73:15 Spies/Treason
lav3rn3
0:33 Loom
11:45 Feudal Age
20:08 Castle Age
22:51 Double-Bit Axe
22:50 Domestication
28:22 Town Watch
34:05 Gold Mining
34:07 Stone Mining
34:33 Forging
34:24 Scale Mail Armor
34:28 Fletching
42:31 Imperial Age
40:40 Wheelbarrow
40:46 Bow Saw
46:39 Hand Cart
47:03 Caravan
57:22 Iron Casting
57:03 Chain Mail Armor
56:12 Man-at-Arms
56:38 Gambesons
56:56 Squires
56:41 Arson
56:32 Man-at-Arms
56:59 Gambesons
57:17 Squires
57:03 Arson
58:34 Chemistry
57:59 Ballistics
57:46 Siege Engineers
57:40 Murder Holes
60:16 Two-Man Saw
61:32 Long Swordsman
62:52 Plate Mail Armor
63:25 Two-Handed Swordsman
64:36 Conscription
64:57 Lamellar Armor
66:11 Ordo Cavalry
66:26 Pastoralism
66:59 Thumb Ring
66:15 Elite Skirmisher
68:03 Champion
68:48 Padded Archer Armor
68:40 Fletching
68:57 Scale Barding Armor
71:59 Elite Liao Dao
72:13 Heavy Cavalry Archer
73:19 Parthian Tactics
73:28 Parthian Tactics
75:45 Heavy Rocket Cart
Connection lost

Rejoining the realm…

Still unreachable

The connection could not be restored.

Session expired

The server has moved on; the page needs a fresh start.